 Dungeon Crawl Stone Soup version 0.29.1-15-g9cfb28693d (webtiles) character file.

Game seed: 10258668911684898597

7543 Sanktem7 the Fighter (level 10, -2/103 HPs)
             Began as a Minotaur Fighter on Mar 8, 2023.
             Was an Elder of Trog.
             Slain by an orc warrior
             ... wielding a +0 halberd
              (7 damage)
             ... on level 9 of the Dungeon.
             The game lasted 00:16:48 (9267 turns).

Sanktem7 the Fighter (Minotaur Fighter)             Turns: 9267, Time: 00:16:49

Health: -2/103     AC: 10    Str: 25    XL:     10   Next: 96%
Magic:  9/9        EV: 14    Int:  5    God:    Trog [****..]
Gold:   614        SH:  0    Dex: 16    Spells: 9/9 levels left

rFire   . . .      SeeInvis .   L - +2 war axe {axe}
rCold   . . .      Faith    .   c - +0 buckler
rNeg    . . .      Spirit   .   B - +0 swamp dragon scales
rPois   +          Reflect  .   (helmet restricted)
rElec   .          Harm     .   (no cloak)
rCorr   .          Rampage  .   y - +0 pair of gloves
Will    .....                   (no boots)
Stlth   ..........              (no amulet)
HPRegen 0.27/turn               f - +6 ring of dexterity
MPRegen 0.11/turn               j - +4 ring of evasion

@: confused
A: horns 2, retaliatory headbutt
a: Renounce Religion, Berserk, Trog's Hand, Brothers in Arms


You were on level 9 of the Dungeon.
You worshipped Trog.
Trog was greatly pleased with you.
You visited 1 branch of the dungeon, and saw 9 of its levels.
You also visited: Sewer.

You collected 614 gold pieces.


Innate Abilities, Weirdness & Mutations

You have a pair of horns on your head.
You reflexively headbutt those who attack you in melee.


   Skills:
 * Level 14.2 Fighting
 * Level 13.9 Axes
 - Level 6.0 Armour
 - Level 3.6 Shields


You had 9 spell levels left.
You didn't know any spells.
Your spell library contained the following spells:

 Spells                   Type           Power      Damage    Failure   Level
 Beastly Appendage        Tmut           0%         N/A       71%         1
 Freeze                   Ice            0%         1d3       71%         1
 Shock                    Conj/Air       0%         1d3       71%         1
 Sublimation of Blood     Necr           0%         N/A       83%         2
 Wereblood                Tmut           0%         N/A       83%         2
 Conjure Flame            Conj/Fire      0%         6-21      97%         3
 Frozen Ramparts          Ice            0%         1d1       97%         3
 Ignite Poison            Fire/Tmut/Pois 0%         N/A       97%         3
 Spider Form              Tmut/Pois      0%         N/A       97%         3
 Swiftness                Air            0%         N/A       97%         3
 Airstrike                Air            0%         2d(0-16)  100%        4
 Animate Armour           Summ/Erth      0%         N/A       100%        4
 Cause Fear               Hex            0%         N/A       100%        4
 Hailstorm                Conj/Ice       0%         3d3       100%        4
 Sticky Flame             Conj/Fire      0%         2d3       100%        4
 Blade Hands              Tmut           0%         N/A       100%        5
 Iron Shot                Conj/Erth      0%         9d1       100%        6
 Dragon Form              Tmut           0%         N/A       100%        7
 Summon Hydra             Summ           0%         N/A       100%        7
 Dragon's Call            Summ           0%         N/A       100%        9

Inventory:

Hand Weapons
 a - a +5 battleaxe {axe}
   (You took it off an orc warrior on level 9 of the Dungeon)
 A - a +0 hand axe of flaming {axe}
   (You took it off an orc on level 9 of the Dungeon)
 L - a +2 war axe (weapon) {axe}
   (You took it off a wight on level 8 of the Dungeon)
Missiles
 e - 77 stones (quivered) {throwing}
 r - 4 boomerangs {throwing}
Armour
 c - a +0 buckler (worn)
 t - a +0 chain mail
   (You found it on level 2 of the Dungeon)
 y - a +0 pair of gloves (worn)
   (You found it on level 7 of the Dungeon)
 B - +0 swamp dragon scales (worn)
   (You took it off Maggie on level 7 of the Dungeon)
Magical Staves
 q - a staff of cold {!astaff}
   (You found it on level 2 of the Dungeon)
 z - a staff of conjuration {forbidden!a@e2staff}
   (You found it on level 9 of the Dungeon)
Jewellery
 f - a +6 ring of dexterity (left hand)
   (You found it on level 1 of the Dungeon)
 j - a +4 ring of evasion (right hand)
   (You found it on level 1 of the Dungeon)
Wands
 u - a wand of acid (5)
   (You took it off Ijyb on level 4 of the Dungeon)
 O - a wand of flame (9)
   (You found it on level 8 of the Dungeon)
Scrolls
 i - 6 scrolls of enchant armour {unknown}
 m - 7 scrolls of identify {unknown}
 n - 4 scrolls of fear {unknown}
 p - a scroll of immolation {unknown}
 s - a scroll of fog {unknown}
 v - 2 scrolls of teleportation {unknown}
 w - 2 scrolls of noise {unknown}
 x - 2 scrolls of magic mapping {unknown}
 F - a scroll of poison {unknown}
 G - a scroll of torment {unknown}
 I - a scroll of summoning {unknown}
 J - a scroll of blinking {unknown}
 K - a scroll of acquirement {unknown}
Potions
 b - 4 potions of lignification {unknown}
 d - 3 potions of might
 g - 3 potions of heal wounds {unknown}
 h - 7 potions of curing {@q1}
 k - 3 potions of flight {unknown}
 l - a potion of resistance {unknown}
 o - 2 potions of brilliance {unknown}
 C - 2 potions of invisibility {unknown}
 D - 5 potions of mutation {unknown}
 E - 2 potions of cancellation {unknown}
 H - 3 potions of haste {unknown}

Dungeon Overview and Level Annotations

Branches:
Dungeon (9/15) Zot: 25891  Temple (0/1) D:7             Orc (0/2) D:9
  Sewer (visited)
   Lair: D:8-11

Altars:
Cheibriados
Dithmenos
Hepliaklqana
Kikubaaqudgha
Makhleb
Okawaru
Ru
Sif Muna
Trog
Xom

Shops:
D:7

( ####### # ######## ##.
## ##..##.## ### #
........###.. #
.........#!# ###
...........####### ###..
........o......#.#
####..##
#..#.#..ok.......###....##
###.#@##..........##
###..####.#.##### ####
#####


You could see a swamp drake, an orc warrior and an orc wizard.


Message History

You kill the basilisk!
Trog accepts your kill.
No target in view!
No target in view!
No target in view!
No target in view!
No target in view!
h - 8 potions of curing {@q1} (gained 1)
An orc warrior, an orc wizard and an orc come into view.
The orc wizard shouts!
The orc shouts!
You hear an angry hiss.
An orc wizard comes into view. It is wielding a +0 dagger.
There are monsters nearby!
A swamp drake comes into view.
The orc wizard shouts!
The orc wizard casts a spell at you.
You easily resist.
A wyvern comes into view.
The wyvern hisses angrily.
The orc wizard casts a spell at you.
You are confused.
The orc warrior misses you. The orc wizard casts a spell at you.
You are more confused.
The orc wizard gestures wildly while chanting.
The orc wizard flickers and vanishes!
Deactivating autopickup; reactivate with Ctrl-A.
The orc warrior attacks as you move away!
The orc warrior barely misses you. The orc warrior closely misses you.
The wyvern bites you! The orc warrior barely misses you.
The wyvern closely misses you. 😕 HP[-11]
You take 11 damage, and now have 92/103 hp.
You bump into the rock wall.
The wyvern closely misses you. The orc warrior barely misses you.
You miss the wyvern. Your headbutt misses the wyvern. You hit the orc wizard.
The wyvern bites you. The orc warrior closely misses you.
The orc wizard hits you with a +0 dagger.
The wyvern barely misses you. 😕 HP[-4]
You take 4 damage, and now have 88/103 hp.
You hit the wyvern. You slash the orc wizard! You barely miss the swamp drake.
The orc warrior barely misses you. The swamp drake bites you.
The orc wizard gestures at you while chanting.
The magic dart hits you but does no damage.
The wyvern bites you. 😕 HP[-4]
You take 4 damage, and now have 84/103 hp.
You hit the wyvern but do no damage. You slash the swamp drake!
You miss the orc wizard. The wyvern bites you!
The orc warrior hits you from afar with a +0 halberd!
The swamp drake bites you but does no damage.
The orc wizard misses you. 😮 HP[-19]
You take 19 damage, and now have 65/103 hp.
The wyvern bites you! x2
* * * LOW HITPOINT WARNING * * *
😨 HP[-25]
You take 25 damage, and now have 40/103 hp.
MASSIVE DAMAGE!! (PAUSE)
You hit the swamp drake but do no damage.
You slash the wyvern! The wyvern bites you!
* * * LOW HITPOINT WARNING * * *
😨 HP[-8]
You take 8 damage, and now have 32/103 hp.
The wyvern attacks as you move away!
The wyvern bites you but does no damage.
The swamp drake bites you!
* * * LOW HITPOINT WARNING * * *
😱 HP[-10]
You take 10 damage, and now have 22/103 hp.
The swamp drake attacks as you move away!
The swamp drake misses you.
The orc warrior hits you from afar with a +0 halberd.
* * * LOW HITPOINT WARNING * * *
The wyvern bites you!
* * * LOW HITPOINT WARNING * * *
😱 HP[-17]
You take 17 damage, and now have 5/103 hp.
You feel better. You block the orc warrior's attack.
A magic dart appears from out of thin air!
The magic dart hits you but does no damage.
The wyvern misses you. 😱 HP[+11]
You regained 11 hp, and now have 16/103 hp.
You barely miss the wyvern. Your headbutt misses the wyvern.
The wyvern bites you but does no damage.
The orc warrior hits you from afar with a +0 halberd!
* * * LOW HITPOINT WARNING * * *
😱 HP[-12]
You take 12 damage, and now have 4/103 hp.
You slash the wyvern!
You kill the wyvern!
Trog accepts your kill.
You closely miss something. Something hits you but does no damage.
The orc warrior closely misses you.
You slash the swamp drake! You barely miss something.
You hear some strange, mumbled words.
You are confused.
The orc warrior hits you from afar with a +0 halberd!
You die...

Skill      XL: |  1  2  3  4  5  6  7  8  9 10 |
---------------+-------------------------------+-----
Fighting       | 4 5 6 8 10 12 14 | 14.2
Axes           | 3 4 5 6 7 9 11 13 | 13.9
Armour         | 4 5 6 |  6.0
Shields        | |  3.6

Action                   |  1- 3 |  4- 6 |  7- 9 | 10-12 || total
-------------------------+-------+-------+-------+-------++-------
Melee: War axe           |    51 |   124 |   315 |   140 ||   630
       Headbutt          |     6 |    20 |    62 |    35 ||   123
  Use: Potion            |       |       |       |     1 ||     1
 Stab: Paralysed         |       |       |     1 |       ||     1
Armor: Scale mail        |    10 |     6 |       |       ||    16
       Chain mail        |       |    41 |   110 |       ||   151
       Swamp dragon scal |       |       |    12 |    44 ||    56
Dodge: Dodged            |    26 |    80 |   175 |    74 ||   355
Block: Buckler           |    16 |    35 |    77 |    25 ||   153

Levels and vault maps discovered:
D:1:      dpeg_arrival_caged_fury, layout_loops_ring,
          ebering_ecumenical_altar_abandoned, kennysheep_crisscross
D:2:      layout_basic, chequers_serial_rivers_micro_d, uniq_natasha
D:3:      layout_loops_ring
D:4:      layout_loops_ring, cheibriados_altar_1,
          mainiacjoe_overflow_six_doors_small, uniq_ijyb, uniq_blork_the_orc
D:5:      layout_loops_ring, trog_antimagical, makhleb_heckhound_becter,
          portal_sewer_entry_e, hangedman_decor_lopped
D:6:      layout_rooms, nicolae_ru_great_annihilating_truth
D:7:      layout_basic, nicolae_dithmenos_shadow_blocks, temple_hall,
          serial_shops, kennysheep_mini_moat, uniq_maggie
D:8:      layout_gridville, lemuel_tele_altar,
          mainiacjoe_overflow_surrounded_room,
          mainiacjoe_overflow_concentric_impassable, uniq_joseph
D:9:      layout_roguey [special_room_orc], mainiacjoe_overflow_alcove_2,
          nicolae_yredelemnul_corpse_copse, nicolae_qazlal_eye_of_the_storm,
          lemuel_round_altar, erik_lair_dragon, david_orc_4

Notes
Turn   | Place    | Note
-------+----------+-------------------------------------------
     0 | D:1      | Sanktem7 the Minotaur Fighter began the quest for the Orb.
     0 | D:1      | Reached XP level 1. HP: 19/19 MP: 0/0
     0 | D:1      | Noticed a jelly
     0 | D:1      | magus.rc [v1.9.6]
     0 | D:1      | magus.rc [v1.9.6]
     1 | D:1      | Found a runed translucent door.
     2 | D:1      | Noticed a jelly
    51 | D:1      | Reached XP level 2. HP: 23/27 MP: 1/1
    52 | D:1      | Reached skill level 4 in Fighting
   176 | D:1      | Reached skill level 3 in Axes
   274 | D:1      | Found a faded altar of an unknown god.
   499 | D:1      | Reached skill level 4 in Armour
   499 | D:1      | Reached XP level 3. HP: 31/33 MP: 2/2
   754 | D:1      | Reached XP level 4. HP: 32/41 MP: 3/3
   762 | D:1      | Reached skill level 4 in Axes
   767 | D:1      | Reached skill level 5 in Fighting
  1152 | D:2      | You pick up a book of Blood and begin reading...
  1152 | D:2      | You add the spells Sublimation of Blood, Wereblood and
                  | Summon Hydra to your library.
  1312 | D:2      | Noticed Natasha
  1314 | D:2      | Killed Natasha
  1315 | D:2      | Reached XP level 5. HP: 48/48 MP: 4/4
  1337 | D:2      | You pick up a book of Changes and begin reading...
  1337 | D:2      | You add the spells Beastly Appendage and Spider Form to
                  | your library.
  2118 | D:4      | Noticed a centaur
  2119 | D:4      | Found a hazy altar of Hepliaklqana.
  2119 | D:4      | Noticed Ijyb
  2122 | D:4      | Killed a centaur
  2123 | D:4      | Reached skill level 5 in Axes
  2123 | D:4      | Reached skill level 5 in Armour
  2123 | D:4      | Reached XP level 6. HP: 48/57 MP: 5/5
  2127 | D:4      | Killed Ijyb
  2128 | D:4      | Reached skill level 6 in Fighting
  2459 | D:4      | Reached skill level 6 in Axes
  2459 | D:4      | Reached XP level 7. HP: 57/64 MP: 6/6
  2582 | D:4      | Noticed Blork the orc
  2593 | D:4      | Killed Blork the orc
  2594 | D:4      | Reached skill level 7 in Fighting
  2769 | D:4      | You pick up a book of Air and begin reading...
  2769 | D:4      | You add the spells Shock, Swiftness and Airstrike to your
                  | library.
  2869 | D:4      | Found a snail-covered altar of Cheibriados.
  3285 | D:5      | Entered Level 5 of the Dungeon
  3303 | D:5      | Reached skill level 7 in Axes
  3303 | D:5      | Reached skill level 6 in Armour
  3386 | D:5      | Reached skill level 8 in Fighting
  3386 | D:5      | Reached XP level 8. HP: 58/74 MP: 7/7
  3494 | D:5      | Found a bloodstained altar of Trog.
  3519 | D:5      | Became a worshipper of Trog the Wrathful
  3591 | D:5      | Reached skill level 8 in Axes
  3606 | D:5      | Found a glowing drain.
  3612 | Sewer    | Entered a sewer
  3830 | Sewer    | Reached * piety under Trog
  3898 | Sewer    | Found a viscous altar of Jiyva.
  4451 | D:5      | Reached skill level 9 in Fighting
  4485 | D:5      | Found a burning altar of Makhleb.
  4721 | D:6      | Reached skill level 9 in Axes
  5027 | D:6      | Reached skill level 10 in Fighting
  5125 | D:6      | Reached XP level 9. HP: 85/85 MP: 8/8
  5232 | D:6      | You add the spells Conjure Flame, Ignite Poison and Sticky
                  | Flame to your library.
  5249 | D:6      | Reached skill level 10 in Axes
  5365 | D:6      | Found a sacrificial altar of Ru.
  5450 | D:7      | You pick up a book of the Dragon {forbidden} and begin
                  | reading...
  5450 | D:7      | You add the spells Cause Fear, Dragon Form and Dragon's
                  | Call to your library.
  5543 | D:7      | Found a staircase to the Ecumenical Temple.
  5550 | D:7      | You pick up a book of Frost {forbidden} and begin
                  | reading...
  5550 | D:7      | You add the spells Freeze, Frozen Ramparts and Hailstorm to
                  | your library.
  5583 | D:7      | Noticed Maggie
  5599 | D:7      | Killed Maggie
  5600 | D:7      | Reached skill level 11 in Fighting
  5611 | D:7      | magus.rc [v1.9.6]
  5743 | D:7      | You pick up a book of Iron {forbidden} and begin reading...
  5743 | D:7      | You add the spells Animate Armour, Blade Hands and Iron
                  | Shot to your library.
  5745 | D:7      | Found Gupawir's Weapon Shoppe.
  5773 | D:7      | Reached ** piety under Trog
  5777 | D:7      | magus.rc [v1.9.6]
  5962 | D:7      | magus.rc [v1.9.6]
  6101 | D:7      | You pick up a book of Iron {forbidden} and begin reading...
  6129 | D:7      | Found a shadowy altar of Dithmenos.
  6144 | D:7      | Reached skill level 11 in Axes
  6327 | D:7      | magus.rc [v1.9.6]
  6617 | D:8      | Noticed Joseph
  6633 | D:8      | HP: 20/89 [Joseph/+3 spectral quarterstaff (9)]
  6634 | D:8      | Killed Joseph
  6948 | D:8      | Reached skill level 12 in Fighting
  7040 | D:8      | Found an iron altar of Okawaru.
  7210 | D:8      | Reached XP level 10. HP: 97/97 MP: 9/9
  7267 | D:8      | Reached skill level 12 in Axes
  7650 | D:8      | Found an ancient bone altar of Kikubaaqudgha.
  7680 | D:8      | Found a shimmering altar of Xom.
  7737 | D:8      | Reached *** piety under Trog
  7745 | D:8      | Reached skill level 13 in Fighting
  7855 | D:8      | Identified the +2 long sword of Internal Strife {vorpal,
                  | Fragile rElec Dex+5}
  8364 | D:9      | Reached skill level 13 in Axes
  8712 | D:9      | Found a shimmering blue altar of Sif Muna.
  8866 | D:9      | Reached skill level 14 in Fighting
  8982 | D:9      | Found a staircase to the Orcish Mines.
  9055 | D:9      | Reached **** piety under Trog
  9262 | D:9      | HP: 22/103 [swamp drake (11)]
  9263 | D:9      | HP: 5/103 [wyvern (15)]
  9267 | D:9      | Slain by an orc warrior

Vanquished Creatures
  Joseph (D:8)
  Maggie (D:7)
  A troll (D:9)
  A wyvern (D:9)
  13 yaks
  A basilisk (D:9)
  8 orc warriors
  4 ice beasts
  A sky beast (D:6)
  3 black bears
  An ogre (D:6)
  5 centaurs
  Blork the orc (D:4)
  2 phantoms
  2 bullfrogs (D:8)
  4 necrophages
  3 wights (D:8)
  3 scorpions
  3 killer bees (D:9)
  12 jellies
  2 gnoll boudas (D:7)
  8 hounds
  4 orc priests
  2 iguanas (D:6)
  Ijyb (D:4)
  Natasha (D:2)
  7 orc wizards
  14 gnolls
  12 adders
  A river rat (D:5)
  An ufetubus (D:6)
  A worm (D:4)
  A dart slug (D:2)
  60 orcs
  18 ball pythons
  13 endoplasms
  10 giant cockroaches
  9 goblins
  11 hobgoblins
  7 jackals (D:1)
  8 quokkas
  3 bats
  11 frilled lizards
  8 kobolds
  16 rats
299 creatures vanquished.

Table legend:
 A = Non-vault XP
 B = Vault XP
 C = Vault XP percentage of total XP
 D = Non-vault monster count
 E = Vault monster count
 F = Vault count percentage of total count
                 A         B        C        D         E       F
            +---------+---------+-------+---------+---------+-------
      Total |    7717 |    3060 |  28.4 |     189 |     110 |  36.8
            +---------+---------+-------+---------+---------+-------
        D:1 |      42 |     117 |  73.6 |      25 |      19 |  43.2
        D:2 |      38 |      35 |  47.9 |      16 |       1 |   5.9
        D:3 |      69 |       0 |   0.0 |      24 |       0 |   0.0
        D:4 |     707 |     139 |  16.4 |      33 |       2 |   5.7
        D:5 |     681 |      80 |  10.5 |      13 |      12 |  48.0
        D:6 |     970 |      40 |   4.0 |      14 |       4 |  22.2
        D:7 |     941 |     409 |  30.3 |      26 |       1 |   3.7
        D:8 |    2586 |     749 |  22.5 |      24 |       3 |  11.1
        D:9 |    1683 |    1233 |  42.3 |      14 |      43 |  75.4
      Sewer |       0 |     258 | 100.0 |       0 |      25 | 100.0
            +---------+---------+-------+---------+---------+-------

Illustrated notes

Table legend:
 A = Kills in this place as a percentage of kills in entire the game.
 B = Kills by you in this place as a percentage of kills by you in the entire game.
 C = Kills by friends in this place as a percentage of kills by friends in the entire game.
 D = Other kills in this place as a percentage of other kills in the entire game.
 E = Experience gained in this place as a percentage of experience gained in the entire game.
 F = Experience gained in this place divided by the number of levels of this place that you have seen.
                   A       B       C       D       E      F
               +-------+-------+-------+-------+-------+----------------------
         Total | 100.0 | 100.0 |   N/A |   N/A | 100.0 | 1077.7
       Dungeon |  91.6 |  91.6 |   N/A |   N/A |  97.6 | 1168.8
         Sewer |   8.4 |   8.4 |   N/A |   N/A |   2.4 | 258.0
               +-------+-------+-------+-------+-------+----------------------

Table legend: (Time is in decaauts)
 A = Elapsed time spent in this place.
 B = Non-inter-level travel time spent in this place.
 C = Inter-level travel time spent in this place.
 D = Time resting spent in this place.
 E = Time spent auto-exploring this place.
 F = Levels seen in this place.
 G = Mean time per level.
                   A        B        C        D        E       F      G
               +--------+--------+--------+--------+--------+-----+--------+
         Total |   9365 |   9244 |    121 |    236 |   7272 |  10 |  936.5 |
       Dungeon |   8640 |   8519 |    121 |    236 |   6710 |   9 |  960.0 |
         Sewer |    725 |    725 |      0 |      0 |    562 |   1 |  725.0 |
               +--------+--------+--------+--------+--------+-----+--------+

Top non-repeatable levels by time:
     D:8: 1731 daAuts
     D:4: 1245 daAuts
     D:7: 1085 daAuts
     D:9: 922 daAuts
     D:1: 907 daAuts
     D:6: 803 daAuts
     D:5: 747 daAuts
   Sewer: 725 daAuts
     D:3: 671 daAuts
     D:2: 526 daAuts
